 Dungeon Crawl Stone Soup version 0.31-a0-1576-ga3383bade6 (webtiles) character file.

Game seed: 15597964436997546924

38031 Atlas the Brawler (level 13, -4/162 (178) HPs)
             Began as a Troll Shapeshifter on Jan 4, 2024.
             Was an Initiate of Gozag.
             Slain by a laughing skull (11 damage)
             ... on level 14 of the Dungeon.
             The game lasted 00:25:17 (14984 turns).

Atlas the Brawler (Troll Shapeshifter)             Turns: 14984, Time: 00:25:18

HP:   -4/162 (178)  AC:  8    Str: 29    XL:     13   Next: 61%
MP:   0/12          EV: 10    Int:  6    God:    Gozag
Gold: 170           SH: 10    Dex:  9    Spells: 12/12 levels left

rFire   . .          .
                       - Unarmed
rCold   . . .        P - +2 kite shield
rNeg    . . .        a - +0 animal skin
rPois   .            (helmet currently unavailable)
rElec   .            (cloak currently unavailable)
rCorr   .            (gloves unavailable)
SInv    .            (boots unavailable)
Will    +....        y - amulet of guardian spirit Stlth
                     i - +4 ring of protection
HPRegen 1.27/turn    J - ring of willpower
MPRegen 0.13/turn

%: guardian spirit
@: berserking (expiring), beast-form, gold aura, drained, very quick
A: beast (slay +4), large, unfitting armour, claws 3, regeneration 1, shaggy fur
1, tough skin 1
a: Begin Untransformation, Renounce Religion, Potion Petition, Call Merchant,
Bribe Branch


You were on level 14 of the Dungeon.
You worshipped Gozag.
Gozag was aware of your devotion.
You were a hulking beast.
You visited 2 branches of the dungeon, and saw 15 of its levels.
You also visited: Sewer.

You collected 3293 gold pieces.
You spent 978 gold pieces at shops.
You paid 2145 gold pieces to Gozag.

Inventory:

Missiles
 G - 6 silver javelins
 I - 10 curare-tipped darts
 L - 7 throwing nets
Armour
 a - a +0 animal skin (worn)
 P - a +2 kite shield (worn)
Jewellery
 i - a +4 ring of protection (left claw)
 y - an amulet of guardian spirit (around neck)
 J - a ring of willpower (right claw)
 O - a ring of poison resistance
Talismans
 c - a beast talisman (active)
 d - a flux talisman
 M - a granite talisman
 N - the maw talisman of Unambiguity {rPois rF+ MP+9 Int-5}
   (You found it on level 10 of the Dungeon)

   [maw talisman]

   Int-5:     It affects your intelligence (-5).
   rF+:       It protects you from fire.
   rPois:     It protects you from poison MP+9: It affects your magic capacity
   (+9).
Wands
 u - a wand of iceblast (5)
 x - a wand of flame (27)
 C - a wand of mindburst (17)
 K - a wand of charming (16)
Scrolls
 b - a scroll of acquirement {unknown}
 e - 3 scrolls of amnesia
 f - 2 scrolls of vulnerability
 g - 2 scrolls of teleportation
 h - 4 scrolls of fog
 j - 2 scrolls of blinking
 m - a scroll of enchant armour {unknown}
 o - a scroll of immolation {unknown}
 s - a scroll of torment {unknown}
 w - 2 scrolls of poison {unknown}
 E - 3 scrolls of noise
 H - 4 scrolls of revelation
Potions
 k - 2 potions of degeneration
 l - a potion of ambrosia
 n - a potion of haste
 p - a potion of invisibility
 r - a potion of magic
 t - 3 potions of curing
 v - 3 potions of brilliance
 z - 4 potions of mutation
 A - a potion of might
 D - a potion of cancellation
 F - a potion of lignification
 Q - a potion of attraction
 S - 2 potions of enlightenment {unknown}


   Skills:
 - Level 5.4 Fighting
 - Level 1.0 Throwing
 - Level 7.5 Dodging
 - Level 3.0 Stealth
 - Level 4.1 Shields
 - Level 16.2 Unarmed Combat
 - Level 2.0 Evocations
 + Level 11.1 Shapeshifting


You had 12 spell levels left.
You didn't know any spells.
Your spell library contained the following spells:

 Spells                   Type           Power      Damage    Failure   Level
 Apportation              Tloc           0%         N/A       67%         1
 Freeze                   Ice            0%         1d3       67%         1
 Magic Dart               Conj           0%         1d3       67%         1
 Necrotise                Necr           0%         1d4       67%         1
 Slow                     Hex            0%         N/A       67%         1
 Blink                    Tloc           0%         N/A       80%         2
 Call Imp                 Summ           0%         N/A       80%         2
 Ensorcelled Hibernation  Hex/Ice        0%         N/A       80%         2
 Jinxbite                 Hex            0%         N/A       80%         2
 Mercury Vapours          Alch/Air       0%         N/A       80%         2
 Scorch                   Fire           0%         2d5       80%         2
 Searing Ray              Conj           0%         2d4       80%         2
 Confusing Touch          Hex            0%         N/A       95%         3
 Fugue of the Fallen      Necr           0%         N/A       95%         3
 Mephitic Cloud           Conj/Alch/Air  0%         N/A       95%         3
 Sigil of Binding         Hex            0%         N/A       95%         3
 Tukima's Dance           Hex            0%         N/A       95%         3
 Vampiric Draining        Necr           0%         2d6       95%         3
 Volatile Blastmotes      Fire/Tloc      0%         2d10      95%         3
 Anguish                  Hex/Necr       0%         N/A       100%        4
 Flame Wave               Conj/Fire      0%         2d4       100%        4
 Fulminant Prism          Conj/Alch      0%         3d5       100%        4
 Martyr's Knell           Necr/Summ      0%         N/A       100%        4
 Passage of Golubria      Tloc           0%         N/A       100%        4
 Alistair's Intoxication  Alch           0%         N/A       100%        5
 Curse of Agony           Necr           0%         N/A       100%        5
 Freezing Cloud           Conj/Ice/Air   0%         6-21      100%        5
 Yara's Violent Unravell  Hex/Alch       0%         3d3       100%        5
 Summon Cactus Giant      Summ           0%         N/A       100%        6
 Enfeeble                 Hex            0%         N/A       100%        7
 Disjunction              Tloc           0%         N/A       100%        8
 Sculpt Simulacrum        Ice/Alch       Unusable   N/A       N/A         6

Dungeon Overview and Level Annotations

Branches:
Dungeon (14/15)            Temple (1/1) D:6            Lair (0/5) D:8
    Orc (0/2) D:12         Vaults (0/5) D:13          Sewer (visited)

Altars:
Ashenzari
Cheibriados
Dithmenos
Elyvilon
Fedhas
Gozag
Hepliaklqana
Kikubaaqudgha
Makhleb
Nemelex Xobeh
Okawaru
Qazlal
Ru
Sif Muna
Trog
Uskayaw
Vehumet
Wu Jian
Xom
Yredelemnul
Zin
The Shining One

Shops:
D:4 !   D:11 [   D:12 [=   D:13 ?

Annotations:
D:5 2 runed translucent doors, bungle's ghost, weakling GnDe
D:9 3 runed translucent doors, case's ghost, novice MiBe


Innate Abilities, Weirdness & Mutations

You are a hulking beast.
Your limbs bulge with bestial killing power. (Slay +4)
You are too large for most types of armour.
You have claws for hands.
Your natural rate of healing is unusually fast.
You are covered in fur. (AC +1)
You have tough skin. (AC +1)


Message History

* * * LOW HITPOINT WARNING * * *
You claw the skeletal warrior!
The skeletal warrior is almost destroyed.
The skeletal warrior hits you with a +0 war axe!!
* * * LOW HITPOINT WARNING * * *
You closely miss the skeletal warrior.
The skeletal warrior is almost destroyed.
Unknown command.
You claw the skeletal warrior!
You destroy the skeletal warrior!
A skeletal warrior comes into view. It is wielding a +0 glaive.
You miss the laughing skull. The laughing skull closely misses you.
You mangle the laughing skull!!
You destroy the laughing skull!
The centaur warrior is distracted by your dazzling golden aura.
The laughing skull cackles spitefully.
The bolt of negative energy misses you.
The centaur warrior shouts!
Things that are here:
15 gold pieces; a +0 war axe You mangle the centaur warrior!!
The centaur warrior is no longer distracted by gold.
The centaur warrior is severely wounded.
The centaur warrior unwields a +0 shortbow.
You block the centaur warrior's attack. x2
The laughing skull barely misses you.
You completely miss the centaur warrior.
The centaur warrior is severely wounded.
The laughing skull lets out a vicious peal of laugher.
The bolt of negative energy hits you!!
You feel drained.
* * * LOW HITPOINT WARNING * * *
The centaur warrior hits you.
* * * LOW HITPOINT WARNING * * *
The centaur warrior kicks you but does no damage.
You mangle the centaur warrior!!
You kill the centaur warrior!
The laughing skull headbutts you!
You die...
The laughing skull crumbles to pieces from sheer joy.
Your body crumbles into a pile of gold.

#####.......#
#...........#
#.###.......# #.#
#.############ #.#
#.#######..... #.#
#.........#
#.########.z#.#
#.......##z##.#
##>......h$z..#
#.####.####.......
#.# #.# .######
#.# #.# .. #.# #.#
.z. #.# #.# z...
#######.# #+#
....# #.[.....#
#...# ###.......#


You could see 2 skeletal warriors and a laughing skull.

Vanquished Creatures
  Frances (D:13)
  Kirke (D:13)
  Josephine (D:10)
  An ettin (D:11)
  A vault guard (D:13)
  Harold (D:10)
  A hydra (D:13)
  Erolcha (D:13)
  A centaur warrior (D:14)
  3 boulder beetles
  4 two-headed ogres
  2 tengu warriors (D:14)
  Sonja (D:13)
  Nergalle (D:10)
  9 skeletal warriors
  2 lindwurms (D:9)
  Pikel (D:4)
  3 deep elf pyromancers
  An oklob plant (D:5)
  An ugly thing (D:8)
  4 manticores
  A meliai (D:8)
  3 cyclopes
  A meliai (shapeshifter) (D:14)
  A gargoyle (D:12)
  2 kobold demonologists (D:9)
  A freezing wraith (D:14)
  2 efreet
  A komodo dragon (D:12)
  5 trolls
  2 hornets
  12 slime creatures
  Sigmund (D:6)
  A vampire (D:11)
  4 yaks (D:5)
  A shadow (D:11)
  5 wraiths
  A wyvern (D:8)
  A basilisk (D:12)
  2 hogs (D:13)
  Grum (D:9)
  A warg (D:12)
  A steam dragon (D:10)
  8 vampire mosquitoes
  2 water moccasins
  2 acid dragons (D:9)
  2 orc warriors
  2 sky beasts
  3 black bears
  4 ice beasts
  A laughing skull (D:14)
  2 wolves (D:9)
  2 centaurs
  7 kobold brigands
  Blork the orc (D:6)
  4 gnoll sergeants
  2 bullfrogs
  2 scorpions
  7 wights
  19 killer bees
  5 howler monkeys
  3 bombardier beetles
  3 jellies
  3 orc priests
  Jessica (D:2)
  8 iguanas
  13 orc wizards
  A hell rat (Sewer)
  5 adders
  19 gnolls
  A shadow imp (D:6)
  2 white imps (D:8)
  6 ufetubi
  2 dart slugs
  6 ribbon worms
  45 orcs
  6 ball pythons
  3 bats
  8 endoplasms
  2 giant cockroaches
  8 goblins
  6 hobgoblins
  3 quokkas
  2 frilled lizards
  28 kobolds
  11 rats
361 creatures vanquished.

Vanquished Creatures (others)
  2 trolls
  A human (D:13)
  2 gnoll sergeants (D:9)
  A centaur simulacrum (D:8)
6 creatures vanquished.

Grand Total: 367 creatures vanquished

Notes
Turn   | Place    | Note
-------+----------+-------------------------------------------
     0 | D:1      | Atlas the Troll Shapeshifter began the quest for the Orb.
     0 | D:1      | Reached XP level 1. HP: 18/18 MP: 0/0
   140 | D:1      | Reached XP level 2. HP: 24/26 MP: 1/1
   733 | D:2      | Reached XP level 3. HP: 26/32 MP: 2/2
   878 | D:2      | Noticed Jessica
   885 | D:2      | Killed Jessica
   886 | D:2      | Reached skill level 4 in Unarmed Combat
   919 | D:2      | Found a faded altar of an unknown god.
   984 | D:2      | Reached skill level 1 in Fighting
  1031 | D:2      | Reached XP level 4. HP: 34/41 MP: 3/3
  1216 | D:3      | Found a hazy altar of Hepliaklqana.
  1400 | D:3      | Reached XP level 5. HP: 30/48 MP: 4/4
  2110 | D:4      | Found a glowing drain.
  2122 | Sewer    | Entered a sewer
  2234 | D:4      | Reached skill level 1 in Stealth
  2370 | D:4      | Reached skill level 5 in Unarmed Combat
  2372 | D:4      | Noticed an ice beast
  2381 | D:4      | Killed an ice beast
  2382 | D:4      | Reached XP level 6. HP: 35/55 MP: 5/5
  2474 | D:4      | Found a bloodstained altar of Trog.
  2495 | D:4      | Reached XP level 7. HP: 40/62 MP: 6/6
  2593 | D:4      | Found Ofef's Distillery.
  2594 | D:4      | Noticed Pikel
  2605 | D:4      | Killed Pikel
  2606 | D:4      | Reached skill level 7 in Unarmed Combat
  2606 | D:4      | Reached XP level 8. HP: 59/71 MP: 7/7
  2620 | D:4      | Bought a potion of mutation for 88 gold pieces
  2620 | D:4      | Bought a potion of might for 44 gold pieces
  2900 | D:5      | Entered Level 5 of the Dungeon
  2921 | D:5      | Found a large runed translucent door.
  2921 | D:5      | Found a large runed translucent door.
  2925 | D:5      | Noticed bungle's ghost (weakling GnDe)
  2972 | D:5      | Reached skill level 5 in Shapeshifting
  2981 | D:5      | Reached skill level 8 in Unarmed Combat
  3593 | D:5      | Found a blossoming altar of Fedhas.
  3614 | D:5      | Noticed an oklob plant
  3642 | D:5      | Killed an oklob plant
  3643 | D:5      | Reached skill level 9 in Unarmed Combat
  3643 | D:5      | Reached XP level 9. HP: 32/80 MP: 2/8
  4282 | D:6      | Found a staircase to the Ecumenical Temple.
  4536 | D:6      | Noticed Blork the orc
  4541 | D:6      | Killed Blork the orc
  4587 | D:6      | Reached skill level 10 in Unarmed Combat
  4629 | D:6      | Found a sacrificial altar of Ru.
  4634 | D:6      | Identified the +5 falchion "Tuithep" {freeze, Int+3}
  4766 | D:6      | Noticed Sigmund
  4780 | D:6      | Killed Sigmund
  4941 | D:6      | Found a sparkling altar of Nemelex Xobeh.
  5155 | Temple   | Entered the Ecumenical Temple
  5209 | Temple   | Became a worshipper of Gozag Ym Sagoz the Greedy
  5417 | D:7      | Identified the +2 leather armour of Misanthropy {Str+3
                  | Int-4 Dex+2}
  5468 | D:7      | Found a shadowy altar of Dithmenos.
  5580 | D:7      | Found an ornate altar of the Wu Jian Council.
  6062 | D:8      | Reached skill level 11 in Unarmed Combat
  6090 | D:8      | Noticed a cyan ugly thing
  6106 | D:8      | Killed a cyan ugly thing
  6107 | D:8      | Reached XP level 10. HP: 87/91 MP: 7/9
  6152 | D:8      | Found a white marble altar of Elyvilon.
  6158 | D:8      | Found a burning altar of Makhleb.
  6383 | D:8      | Found a staircase to the Lair.
  6506 | D:8      | Found a snail-covered altar of Cheibriados.
  6667 | D:8      | Found an ancient bone altar of Kikubaaqudgha.
  6894 | D:9      | Noticed a lindwurm
  6924 | D:9      | Noticed a lindwurm
  6930 | D:9      | Killed a lindwurm
  6931 | D:9      | Reached skill level 5 in Dodging
  6931 | D:9      | Reached skill level 1 in Shields
  6931 | D:9      | Noticed a lindwurm
  6931 | D:9      | Noticed a lindwurm
  6934 | D:9      | Killed a lindwurm
  6935 | D:9      | Reached skill level 12 in Unarmed Combat
  6971 | D:9      | Found a shimmering altar of Xom.
  7042 | D:9      | Paralysed by a hornet for 2 turns
  7202 | D:9      | Noticed Grum
  7243 | D:8      | Noticed a boulder beetle
  7289 | D:8      | Killed a boulder beetle
  7292 | D:8      | Reached XP level 11. HP: 31/98 MP: 7/10
  7311 | D:8      | Noticed a two-headed ogre
  7318 | D:8      | Killed a two-headed ogre
  7319 | D:8      | Reached skill level 1 in Evocations
  7556 | D:8      | Reached skill level 13 in Unarmed Combat
  7661 | D:9      | Killed Grum
  7893 | D:9      | Found a runed translucent gate.
  7893 | D:9      | Found a runed translucent gate.
  7893 | D:9      | Found a runed translucent gate.
  7899 | D:9      | Found an opulent altar of Gozag.
  7913 | D:9      | Noticed case's ghost (novice MiBe)
  8507 | D:10     | Entered Level 10 of the Dungeon
  8507 | D:10     | Noticed a two-headed ogre
  8510 | D:10     | Killed a two-headed ogre
  8680 | D:10     | Found a hide-covered altar of Uskayaw.
  8711 | D:10     | Noticed a two-headed ogre
  8718 | D:10     | Noticed Harold
  8723 | D:10     | Killed a two-headed ogre
  8725 | D:10     | Noticed Nergalle
  8729 | D:10     | Killed Harold
  8754 | D:10     | Killed Nergalle
  8842 | D:10     | Reached skill level 14 in Unarmed Combat
  9066 | D:9      | Noticed a fire crab
  9136 | D:10     | Identified the maw talisman of Unambiguity {rPois rF+ MP+9
                  | Int-5}
  9319 | D:10     | Paralysed by a hornet for 2 turns
  9450 | D:10     | Noticed Josephine
  9461 | D:10     | Killed Josephine
  9462 | D:10     | Reached XP level 12. HP: 85/107 MP: 8/11
  9814 | D:11     | Found Hatsurph's Antique Armour Boutique.
 10112 | D:11     | You fall into a shaft and drop 2 floors!
 10122 | D:13     | Noticed Erolcha
 10270 | D:12     | Found a staircase to the Orcish Mines.
 10716 | D:11     | Noticed an ettin
 10720 | D:11     | Killed an ettin
 10783 | D:11     | Got Hiatyi's Catalogue of the Chilly Tesseract
 11065 | D:12     | Identified the +1 pair of gloves of Beauty {Slay+4}
 11283 | D:12     | Noticed a two-headed ogre
 11299 | D:12     | Killed a two-headed ogre
 11307 | D:12     | Reached skill level 15 in Unarmed Combat
 11698 | D:13     | Noticed Sonja
 11717 | D:13     | Killed Sonja
 11863 | D:13     | Noticed a boulder beetle
 11880 | D:13     | Killed a boulder beetle
 11989 | D:13     | Noticed Frances
 12256 | D:13     | Killed Frances
 12359 | D:13     | Killed Erolcha
 12527 | D:13     | Bought a scroll of fear for 48 gold pieces
 12527 | D:13     | Bought a scroll of blinking for 90 gold pieces
 12527 | D:13     | Bought a scroll of identify for 24 gold pieces
 12527 | D:13     | Bought a scroll of identify for 24 gold pieces
 12569 | D:13     | Noticed Kirke
 12579 | D:13     | Reached skill level 5 in Fighting
 12593 | D:13     | Killed Kirke
 12594 | D:13     | Reached XP level 13. HP: 94/118 MP: 8/12
 13039 | D:13     | HP: 2/118 [skeletal warrior/+0 battleaxe (12)]
 13471 | D:13     | Reached skill level 16 in Unarmed Combat
 13858 | D:13     | Found a gate to the Vaults.
 14294 | D:14     | Reached skill level 1 in Throwing
 14345 | D:12     | Bought a granite talisman for 660 gold pieces
 14376 | D:14     | Reached skill level 10 in Shapeshifting
 14927 | D:14     | Identified the +0 leather armour of Pimimp {Rampage rC+}
 14983 | D:14     | HP: 7/162 [centaur warrior (4)]
 14984 | D:14     | Slain by a laughing skull

Illustrated notes

Levels and vault maps discovered:
D:1:      doesnt_arrival_eight_statues, layout_loops_ring, glass_columns_a
D:2:      layout_basic, basic_ecumenical_altar, minmay_hexomino_c4, uniq_jessica
D:3:      layout_basic, lemuel_doored_altar,
          hangedman_abyss_or_decor_lesser_grid, nrook_uturn
D:4:      layout_loops_ring, nicolae_overflow_hidden_temple,
          cheibrodos_sewer_entry_sluice, serial_shops, shop,
          columned_hall_lemuel, uniq_pikel
D:5:      layout_basic, tgw_fedhas, ebering_ghost_disaster_area,
          corexii_hall_statues_i, minivault_25, minmay_liquid_box
D:6:      layout_loops_corners, kennysheep_little_box,
          nemelex_diamond_rough_becter, minmay_temple_entry_tees, uniq_sigmund,
          uniq_blork_the_orc
D:7:      layout_basic, nicolae_wu_jian_immortal_techniques,
          mainiacjoe_overflow_alcove_1
D:8:      minmay_klotski, layout_basic, amcnicky_altar_gilded, slow_altar_1,
          general_overflow_altar, elyvilon_altar_5, lair_entry_dummy
D:9:      layout_basic, xom_confusion_cloud, ebering_ghost_gozag,
          kennysheep_donut, minmay_lindwurm_lava, uniq_grum
D:10:     layout_loops_ring, nicolae_uskayaw_murder_on_the_dancefloor,
          uniq_nergalle, uniq_josephine, uniq_harold
D:11:     layout_basic, serial_shops, nicolae_take_the_stairs,
          nicolae_twisting_strands, kennysheep_just_a_vault
D:12:     layout_basic, erik_orc_3, drop_trap, st_stairs_8
D:13:     layout_rooms, david_vaults_5, uniq_frances, uniq_kirke, uniq_erolcha,
          uniq_sonja
D:14:     layout_basic
Temple:   hellmonk_temple_beads

Skill      XL: |  1  2  3  4  5  6  7  8  9 10 11 12 13 |
---------------+----------------------------------------+-----
Unarmed Combat | 4 5 7 9 11 12 14 15 16 | 16.2
Fighting       | 1 2 3 4 5 |  5.4
Dodging        | 2 3 4 5 6 7 |  7.5
Stealth        | 1 2 3 |  3.0
Shapeshifting  | 4 5 6 7 9 11 | 11.1
Shields        | 2 3 4 |  4.1
Evocations     | 1 2 |  2.0
Throwing       | 1 |  1.0

Action                     |  1- 3 |  4- 6 |  7- 9 | 10-12 | 13-15 || total
---------------------------+-------+-------+-------+-------+-------++-------
  Melee: Unarmed           |    67 |   104 |   239 |   570 |   166 ||  1146
         Punch             |     2 |     1 |    12 |     2 |       ||    17
  Throw: Javelin           |       |       |     2 |       |     3 ||     5
         Dart              |       |       |     1 |       |     3 ||     4
         Throwing net      |       |       |       |     1 |     4 ||     5
 Invoke: Call Merchant     |       |       |       |     2 |     1 ||     3
  Evoke: Wand              |       |       |       |    13 |    17 ||    30
    Use: Potion            |       |     1 |       |     5 |     2 ||     8
         Scroll            |       |       |       |    14 |     4 ||    18
   Stab: Sleeping          |     1 |     2 |     3 |     2 |     1 ||     9
         Distracted        |       |       |     2 |     2 |       ||     4
 Armour: Animal skin       |    43 |    55 |   141 |   245 |   109 ||   593
         Skin              |       |     7 |     9 |   135 |    45 ||   196
  Dodge: Dodged            |    18 |    30 |    82 |   253 |    70 ||   453
  Block: Kite shield       |       |       |       |   107 |    48 ||   155
   Form: Beast             |       |       |       |     1 |     1 ||     2
         Maw               |       |       |       |     1 |       ||     1
         Flux              |       |       |       |     1 |       ||     1

Table legend: (Time is in decaauts)
 A = Elapsed time spent in this place.
 B = Non-inter-level travel time spent in this place.
 C = Inter-level travel time spent in this place.
 D = Time resting spent in this place.
 E = Time spent auto-exploring this place.
 F = Levels seen in this place.
 G = Mean time per level.
                   A        B        C        D        E       F      G
               +--------+--------+--------+--------+--------+-----+--------+
         Total |  14798 |  13487 |   1311 |   1036 |   9560 |  16 |  924.9 |
       Dungeon |  14617 |  13397 |   1220 |   1036 |   9519 |  14 | 1044.1 |
        Temple |     91 |      1 |     90 |      0 |      0 |   1 |   91.0 |
         Sewer |     88 |     88 |      0 |      0 |     41 |   1 |   88.0 |
               +--------+--------+--------+--------+--------+-----+--------+

Top non-repeatable levels by time:
    D:13: 1920 daAuts
    D:12: 1703 daAuts
     D:8: 1369 daAuts
     D:9: 1184 daAuts
     D:5: 1142 daAuts
    D:10: 1130 daAuts
     D:6: 1107 daAuts
     D:3: 911 daAuts
    D:11: 840 daAuts
     D:4: 734 daAuts
     D:7: 703 daAuts
    D:14: 697 daAuts
     D:1: 622 daAuts
     D:2: 549 daAuts
  Temple: 91 daAuts
